 Dungeon Crawl Stone Soup version 0.30.0-19-g36f170ea60 (webtiles) character file.

Game seed: 8838634722813575046

62 croobank the Chopper (level 4, -3/32 (38) HPs)
             Began as a Hill Orc Reaver on May 30, 2023.
             Slain by a gnoll
             ... wielding a +0 halberd
              (10 damage)
             ... on level 2 of the Dungeon.
             The game lasted 00:05:08 (1361 turns).

croobank the Chopper (Hill Orc Reaver)              Turns: 1361, Time: 00:05:08

HP:   -3/32 (38)    AC:  3    Str: 11 (14) XL:     4   Next: 8%
MP:   6/7           EV: 11    Int: 12 (13) God:
Gold: 95            SH:  0    Dex:  8 (11) Spells: 4/7 levels left

rFire   . . .        a - +0 hand axe
rCold   . . .        (no shield)
rNeg    . . .        b - +0 leather armour
rPois   .            (no helmet)
rElec   .            (no cloak)
rCorr   .            (no gloves)
SInv    .            (no boots)
Will    .....        (no amulet)
Stlth   +            (no ring)
HPRegen 0.25/turn    (no ring)
MPRegen 0.10/turn

%: no passive effects
@: mighty, heavily drained
A: no striking features
a: no special abilities


You were on level 2 of the Dungeon.
You visited 1 branch of the dungeon, and saw 2 of its levels.

You collected 95 gold pieces.

Inventory:

Hand Weapons
 a - a +0 hand axe (weapon)
 h - a +0 dagger
Armour
 b - a +0 leather armour (worn)
Magical Staves
 k - a staff of poison
Scrolls
 e - a scroll of vulnerability {unknown}
 f - a scroll of blinking {unknown}
 g - a scroll of magic mapping {unknown}
 i - a scroll of teleportation {unknown}
 l - a scroll of brand weapon {unknown}


   Skills:
 + Level 3.1 Fighting
 + Level 4.5 Axes
 + Level 2.0 Dodging
 + Level 2.0 Spellcasting
 + Level 3.3 Conjurations
 + Level 0.6 Translocations


You had 4 spell levels left.
You knew the following spells:

 Your Spells              Type           Power      Damage    Failure   Level
a - Kiss of Death         Conj/Necr      20%        2d7       19%         1
b - Momentum Strike       Conj/Tloc      10%        3d8       24%         2

Your spell library contained the following spells:

 Spells                   Type           Power      Damage    Failure   Level
 Hailstorm                Conj/Ice       5%         3d4       47%         3
 Gell's Gravitas          Tloc           2%         N/A       63%         3
 Teleport Other           Tloc           2%         N/A       63%         3
 Dispersal                Tloc           1%         N/A       100%        6


Dungeon Overview and Level Annotations

Branches:
Dungeon (2/15)

Altars:

Shops:
D:1 *


Message History

* * * LOW HITPOINT WARNING * * *
The jackal barely misses you. The jackal attacks as you move away!
The jackal barely misses you. The jackal attacks as you move away!
The jackal barely misses you.
The jackal bites you but does no damage.
It was a potion of magic.
Magic courses through your body. The jackal closely misses you.
The jackal attacks as you move away!
The jackal bites you but does no damage.
Found a stone staircase leading up.
The jackal closely misses you.
It was a potion of might.
You feel very mighty all of a sudden. The jackal barely misses you.
You barely miss the jackal.
The jackal is severely wounded.
You slash the jackal!
You kill the jackal!
You slash the jackal!
You kill the jackal!
It was a potion of degeneration.
There was something very wrong with that liquid.
You feel weakened.
You feel dopey.
You feel clumsy.
There is a stone staircase leading up here.
The gnoll hits you with a +0 halberd.
There is a stone staircase leading up here.
You barely miss the gnoll. The gnoll hits you with a +0 halberd!
* * * LOW HITPOINT WARNING * * *
Sorry, you're not good enough to have a special ability.
Casting: Momentum Strike (dangerous; 24% risk of failure)
Confirm with . or Enter, or press ? or * to list all spells.
Aiming: Kiss of Death (safe; 19% risk of failure)
Press: ? - help, Shift-Dir - straight line, f - gnoll
Aim: a gnoll, wielding a +0 halberd (100% to hit)
The negative energy hits the gnoll!
The gnoll is drained!
The gnoll is severely wounded.
You feel drained. The gnoll closely misses you.
You closely miss the gnoll.
The gnoll is severely wounded.
The gnoll hits you with a +0 halberd!
You die...

~#. #########.#.#
..~# #...........#
.... #.#####.#####
##.. #.# #.#
##..#########.# #.#
........(.....# #.#
##.......###### #.#
##..........#######.#
................@.#.#
.#.......##.#####g#.#
.#.†.....# .# #.#.#
.#.>....## # #.#.#
.....#..# #.#.#
.......## #.#g#
..###.## #.#h#
......# #.#.# ..#####
#††.#


You could see a gnoll (very drained).

Vanquished Creatures
  2 dart slugs (D:1)
  5 endoplasms
  2 giant cockroaches
  8 goblins
  3 hobgoblins (D:1)
  6 jackals
  7 quokkas
  3 ball pythons (D:1)
  4 bats
  A frilled lizard (D:1)
  A kobold (D:1)
  5 rats
47 creatures vanquished.

Notes
Turn   | Place    | Note
-------+----------+-------------------------------------------
     0 | D:1      | croobank the Hill Orc Reaver began the quest for the Orb.
     0 | D:1      | Reached XP level 1. HP: 18/18 MP: 3/3
   153 | D:1      | Reached XP level 2. HP: 23/25 MP: 4/4
   156 | D:1      | Learned a level 2 spell: Momentum Strike
   239 | D:1      | HP: 1/25 [jackal (1)]
   346 | D:1      | Found Umuq's General Store.
   375 | D:1      | Reached XP level 3. HP: 20/30 MP: 5/5
   518 | D:1      | Found a faded altar of an unknown god.
   697 | D:1      | You fall into a shaft and drop 1 floor!
  1246 | D:2      | Reached XP level 4. HP: 38/38 MP: 5/7
  1361 | D:2      | Slain by a gnoll

Illustrated notes

Levels and vault maps discovered:
D:1:      dpeg_arrival_fog, layout_loops_ring, serial_shops, shop,
          hellmonk_ecumenical_altar_pennies_from_heaven
D:2:      layout_loops_ring, fountainhead, cheibrodos_gnoll_hut

Skill      XL: |  1  2  3 |
---------------+----------+-----
Fighting       | 3 |  3.1
Dodging        | 2 |  2.0
Spellcasting   | 2 |  2.0
Axes           | |  4.5
Conjurations   | |  3.3
Translocations | |  0.6

Action                     |  1- 3 |  4- 6 || total
---------------------------+-------+-------++-------
  Melee: Hand axe          |   154 |    21 ||   175
         Punch             |     2 |     1 ||     3
   Cast: Kiss of Death     |       |     1 ||     1
    Use: Potion            |       |     3 ||     3
 Armour: Leather armour    |    48 |    13 ||    61
  Dodge: Dodged            |    94 |    23 ||   117
